 Dungeon Crawl Stone Soup version 0.30-a0-782-ge64f9170bb (webtiles) character file.

Game seed: 15282422968285996036

273 daepa the Slasher (level 6, 0/51 HPs)
             Began as a Minotaur Gladiator on Feb 24, 2023.
             Was an Initiate of Makhleb.
             Hit by a stone thrown by a gnoll (3 damage)
             ... led by a gnoll bouda
             ... on level 5 of the Dungeon.
             The game lasted 00:23:38 (2493 turns).

daepa the Slasher (Minotaur Gladiator)              Turns: 2493, Time: 00:23:38

Health: 0/51       AC:  7    Str: 20    XL:     6   Next: 3%
Magic:  5/5        EV: 12    Int:  5    God:    Makhleb [......]
Gold:   208        SH:  0    Dex: 12    Spells: 5/5 levels left

rFire   . . .      SeeInvis .    o - +0 falchion
rCold   . . .      Faith    .    (no shield)
rNeg    . . .      Spirit   .    m - +1 ring mail
rPois   .          Reflect  .    (helmet unavailable)
rElec   .          Harm     .    (no cloak)
rCorr   .          Rampage  .    (no gloves)
Will    .....                    u - +0 pair of boots
Stlth   +                        (no amulet)
HPRegen 0.28/turn                (no ring)
MPRegen 0.09/turn                (no ring)

@: no status effects
A: horns 3, retaliatory headbutt, hooves 1
a: Renounce Religion


You were on level 5 of the Dungeon.
You worshipped Makhleb.
Makhleb was noncommittal.
You visited 1 branch of the dungeon, and saw 5 of its levels.

You collected 278 gold pieces.
You spent 70 gold pieces at shops.

Inventory:

Hand Weapons
 a - a +0 long sword
 k - a +0 dagger
 l - a +0 dagger
 n - a +0 short sword
 o - a +0 falchion (weapon)
 p - a +0 spear
 q - a +0 dagger
 r - a +0 dagger
 s - a +0 whip
 t - a +0 short sword
 x - a +0 dagger
 z - a +0 trident
 A - a +0 spear
 B - a +0 dagger
 C - a +0 club
 D - a +0 spear
 F - a +0 whip
 G - a +0 club
 H - a +0 spear
Missiles
 d - 3 throwing nets
 e - a javelin
 g - 41 stones
 i - 7 poisoned darts (quivered)
Armour
 b - a +0 leather armour
 c - a +0 hat
 f - a +0 robe
 j - a +0 robe
 m - a +1 ring mail (worn)
 u - a +0 pair of boots (worn)
 v - a +0 robe
 w - a +0 leather armour
 y - a +0 scale mail
 E - a +0 scale mail
 I - a +0 leather armour
Wands
 J - a wand of light (13)


   Skills:
 + Level 3.5 Fighting
 + Level 5.5 Long Blades
 + Level 2.2 Throwing
 + Level 3.5 Armour
 + Level 4.0 Dodging
 + Level 1.3 Stealth


You had 5 spell levels left.
You didn't know any spells.
Your spell library contained the following spells:

 Spells                   Type           Power      Damage    Failure   Level
 Kiss of Death            Conj/Necr      0%         2d5       65%         1
 Cigotuvi's Dreadful Rot  Necr/Pois/Air  0%         N/A       78%         2
 Poisonous Vapours        Pois/Air       0%         N/A       78%         2
 Call Canine Familiar     Summ           0%         N/A       95%         3
 Confusing Touch          Hex            0%         N/A       95%         3
 Mephitic Cloud           Conj/Pois/Air  0%         N/A       95%         3
 Portal Projectile        Hex/Tloc       0%         N/A       95%         3
 Dispel Undead            Necr           0%         3d6       100%        4
 Leda's Liquefaction      Hex/Erth       0%         N/A       100%        4
 Summon Lightning Spire   Summ/Air       0%         N/A       100%        4
 Storm Form               Tmut/Air       0%         N/A       100%        7
 Maxwell's Capacitive Co  Air            0%         ∞         100%        8


Dungeon Overview and Level Annotations

Branches:
Dungeon (5/15)
 Temple: D:4-7

Altars:
Makhleb

Shops:
D:1 !

Annotations:
D:3 2 transporters, derval's ghost, amateur OpSu


Innate Abilities, Weirdness & Mutations

You have a pair of large horns on your head.
You reflexively headbutt those who attack you in melee.
You have large cloven feet.


Message History

The gnoll hits you from afar with a +0 spear.
* * * LOW HITPOINT WARNING * * *
The gnoll hits you but does no damage.
You hit the gnoll.
The gnoll is severely wounded.
The gnoll is no longer moving quickly.
The gnoll hits you but does no damage.
The gnoll bouda calls upon its god to heal the gnoll.
The gnoll's wounds heal themselves!
The gnoll throws a stone.
The stone barely misses you. The gnoll hits you with a +0 club.
* * * LOW HITPOINT WARNING * * *
You hit the gnoll.
You kill the gnoll!
Makhleb accepts your kill. The gnoll closely misses you.
You furiously retaliate!
You headbutt the gnoll.
The gnoll bouda hits you but does no damage.
The gnoll completely misses you.
The gnoll throws an atropa-tipped dart.
The atropa-tipped dart barely misses you.
The gnoll throws a stone.
The stone hits you.
* * * LOW HITPOINT WARNING * * *
You see here a +0 club.
Your attacks no longer feel as feeble.
The gnoll is no longer moving quickly.
The gnoll bouda barks out a call to the hunt!
The gnoll picks up the pace!
You hit the gnoll. You headbutt the gnoll!
You kill the gnoll!
Makhleb accepts your kill.
The gnoll hits you from afar with a +0 spear!
* * * LOW HITPOINT WARNING * * *
You have reached level 6!
Aiming: Bolt of Light
Press: ? - help, Shift-Dir - straight line, f - gnoll bouda
Aim: a gnoll bouda, wielding a +0 club and wearing a +0 chain mail (83% to hit)
The bolt of light hits the gnoll bouda!
The gnoll bouda is heavily wounded.
The gnoll bouda is blinded.
The gnoll closely misses you. The gnoll bouda barely misses you.
The gnoll throws a stone.
The stone hits you.
You die...

### ## #####.## #.##
#.##...# #...#
##......# ....#
..#####......###...##
...##(.....g.@......#
#.g......)g........##
#(......#.........##
##....#..#........##
#..###............#
#.................#
###...............###
..................##
............##.##..##


You could see a gnoll bouda (blind) and a gnoll (swift).

Vanquished Creatures
  A gnoll sergeant (D:5)
  A hound (D:3)
  An iguana (D:4)
  Natasha (D:3)
  7 gnolls (D:5)
  2 adders (D:3)
  2 dart slugs
  2 ball pythons
  2 endoplasms
  2 giant cockroaches
  5 goblins
  4 hobgoblins
  4 jackals (D:1)
  3 kobolds
  3 quokkas
  2 bats (D:1)
  4 frilled lizards
  4 rats
50 creatures vanquished.

Notes
Turn   | Place    | Note
-------+----------+-------------------------------------------
     0 | D:1      | daepa the Minotaur Gladiator began the quest for the Orb.
     0 | D:1      | Reached XP level 1. HP: 18/18 MP: 0/0
   196 | D:1      | Reached skill level 4 in Long Blades
   206 | D:1      | Reached XP level 2. HP: 25/25 MP: 1/1
   272 | D:1      | Found Luediame's Distillery.
   939 | D:1      | Bought a potion of berserk rage for 70 gold pieces
  1287 | D:2      | Reached XP level 3. HP: 23/30 MP: 2/2
  1468 | D:3      | Reached skill level 1 in Armour
  1509 | D:3      | Reached XP level 4. HP: 37/37 MP: 3/3
  1614 | D:3      | Found a burning altar of Makhleb.
  1624 | D:3      | Became a worshipper of Makhleb the Destroyer
  1720 | D:3      | Noticed Natasha
  1723 | D:3      | Killed Natasha
  1724 | D:3      | Reached skill level 1 in Stealth
  1747 | D:3      | Noticed derval's ghost (amateur OpSu)
  1751 | D:3      | Found a transporter.
  1790 | D:3      | Gained mutation: You have a pair of large horns on your
                  | head. [potion of mutation]
  1790 | D:3      | Gained mutation: You have large cloven feet. [potion of
                  | mutation]
  1830 | D:3      | Found a transporter.
  2066 | D:4      | Reached skill level 5 in Long Blades
  2066 | D:4      | Reached XP level 5. HP: 26/45 MP: 4/4
  2147 | D:5      | Entered Level 5 of the Dungeon
  2491 | D:5      | HP: 2/45 [gnoll/+0 spear[a gnoll bouda] (7)]
  2492 | D:5      | Reached XP level 6. HP: 3/51 MP: 5/5
  2493 | D:5      | Hit by a stone thrown by a gnoll

Illustrated notes

Levels and vault maps discovered:
D:1:      amcnicky_arrival_feature_with_door, layout_basic, serial_shops, shop
D:2:      layout_loops_cross, minmay_misc_feat_tiny
D:3:      layout_loops_ring, lemuel_crystal_altar, gammafunk_ghost_arena,
          uniq_natasha
D:4:      layout_layer_cave, lemuel_round_altar, lemuel_temple_firewalk_a,
          minmay_misc_feat_x, grunt_ministairs_5
D:5:      layout_cave_pools, mainiacjoe_overflow_small_starburst,
          old_standard_altar

Skill      XL: |  1  2  3  4  5 |
---------------+----------------+-----
Long Blades    | 4 5 |  5.5
Armour         | 2 3 |  3.5
Stealth        | 1 |  1.3
Fighting       | 3 |  3.5
Dodging        | 4 |  4.0
Throwing       | |  2.2

Action                     |  1- 3 |  4- 6 || total
---------------------------+-------+-------++-------
  Melee: Long sword        |    32 |       ||    32
         Headbutt          |    11 |     5 ||    16
         Falchion          |    37 |    33 ||    70
         Punch             |     1 |       ||     1
  Throw: Dart              |       |     5 ||     5
         Throwing net      |       |     1 ||     1
  Evoke: Wand              |       |     1 ||     1
    Use: Potion            |     5 |     5 ||    10
         Scroll            |     3 |     2 ||     5
 Armour: Leather armour    |    11 |       ||    11
         Ring mail         |    28 |    24 ||    52
  Dodge: Dodged            |    43 |    62 ||   105

Table legend: (Time is in decaauts)
 A = Elapsed time spent in this place.
 B = Non-inter-level travel time spent in this place.
 C = Inter-level travel time spent in this place.
 D = Time resting spent in this place.
 E = Time spent auto-exploring this place.
 F = Levels seen in this place.
 G = Mean time per level.
                   A        B        C        D        E       F      G
               +--------+--------+--------+--------+--------+-----+--------+
         Total |   2512 |   2502 |     10 |    224 |     95 |   5 |  502.4 |
       Dungeon |   2512 |   2502 |     10 |    224 |     95 |   5 |  502.4 |
               +--------+--------+--------+--------+--------+-----+--------+

Top non-repeatable levels by time:
     D:1: 1004 daAuts
     D:3: 587 daAuts
     D:2: 464 daAuts
     D:5: 355 daAuts
     D:4: 99 daAuts
